 Dungeon Crawl Stone Soup version 0.29-a0-529-gfa20dd96a1 (webtiles) character file.

Game seed: 13294347274247582685

7 Spectrina the Grave Robber (level 2, -1/20 HPs)
             Began as a Meteoran Necromancer on June 1, 2022.
             Slain by a worm (10 damage)
             ... on level 2 of the Dungeon.
             The game lasted 00:01:10 (158 turns).

Spectrina the Grave Robber (Meteoran Necromancer)    Turns: 158, Time: 00:01:11

Health: -1/20      AC:  3    Str:  9    XL:     2   Next: 23%
Magic:  0/6        EV: 12    Int: 16    God:
Gold:   0          SH:  0    Dex: 14    Spells: 5/6 levels left

rFire   . . .      SeeInvis .   c - +0 whip
rCold   . . .      Faith    .   (no shield)
rNeg    . . .      Spirit   .   a - +0 robe
rPois   .          Reflect  .   (no helmet)
rElec   .          Harm     .   (no cloak)
rCorr   .          Rampage  .   (no gloves)
Will    .....                   e - +0 pair of boots
Stlth   +.........              (no amulet)
HPRegen 0.06/turn               (no ring)
MPRegen 0.10/turn               (no ring)

@: glowing
A: sense surroundings 1, otherworldly, glowing, explore regen
a: no special abilities


You were on level 2 of the Dungeon.
You visited 1 branch of the dungeon, and saw 2 of its levels.

Inventory:

Hand Weapons
 c - a +0 whip (weapon)
Missiles
 d - 20 stones
Armour
 a - a +0 robe (worn)
 e - a +0 pair of boots (worn)
Potions
 b - a potion of magic


   Skills:
 - Level 2.4 Dodging
 - Level 1.4 Stealth
 - Level 2.6 Spellcasting
 + Level 4.9 Necromancy


You had 5 spell levels left.
You knew the following spells:

 Your Spells              Type           Power      Damage    Failure   Level
a - Necrotize             Necr           68%        1d7       2%          1

Your spell library contained the following spells:

 Spells                   Type           Power      Damage    Failure   Level
 Vampiric Draining        Necr           17%        2d7       8%          3
 Animate Dead             Necr           17%        N/A       26%         4
 Agony                    Necr           17%        N/A       58%         5


Dungeon Overview and Level Annotations

Branches:
Dungeon (2/15)

Altars:


Innate Abilities, Weirdness & Mutations

You passively map a small area around you.
You are easily found by Zot.
You glow in the dark.
You regain HP and MP as you explore.


Message History

You miscast Necrotize.
You are very lightly contaminated with residual magic.
Nothing appears to happen.
Aiming: Necrotize (safe; 2% risk of failure)
Press: ? - help, Q - select action, (/) - cycle Shift-Dir - straight line, f/p - worm
Aim: a worm (chance to affect: 81%)
The worm writhes in agony.
Aiming: Necrotize (safe; 2% risk of failure)
Press: ? - help, Q - select action, (/) - cycle Shift-Dir - straight line, f/p - worm
Aim: a worm (lightly wounded, chance to affect: 81%)
The worm writhes in agony.
Aiming: Necrotize (safe; 2% risk of failure)
Press: ? - help, Q - select action, (/) - cycle Shift-Dir - straight line, f/p - worm
Aim: a worm (lightly wounded, chance to affect: 81%)
The worm writhes in agony.
Aiming: Necrotize (safe; 2% risk of failure)
Press: ? - help, Q - select action, (/) - cycle Shift-Dir - straight line, f/p - worm
Aim: a worm (heavily wounded, chance to affect: 81%)
The worm barely resists.
Aiming: Necrotize (safe; 2% risk of failure)
Press: ? - help, Q - select action, (/) - cycle Shift-Dir - straight line, f/p - worm
Aim: a worm (heavily wounded, chance to affect: 81%)
The worm writhes in agony.
You hit the worm but do no damage.
The worm is severely wounded.
The worm bites you!
Ouch! That really hurt!
Your magical contamination has completely faded away.
You barely miss the worm.
The worm is severely wounded.
You hit the worm.
The worm is severely wounded.
The worm closely misses you.
Aiming: Necrotize (safe; 2% risk of failure)
Press: ? - help, Q - select action, (/) - cycle Shift-Dir - straight line, f/p - worm
Aim: a worm (severely wounded, chance to affect: 81%)
The worm writhes in agony.
The worm bites you!
Ouch! That really hurt!
You die...

, * , *,, * *, , * #
,, , #.,,
##########. #.
#..@w......
#.###.###.#########*
#......<<.#
###########


You could see a worm.

Vanquished Creatures
  2 bats (D:1)
  An endoplasm (D:1)
  A giant cockroach (D:1)
  2 hobgoblins (D:1)
6 creatures vanquished.

Notes
Turn   | Place    | Note
-------+----------+-------------------------------------------
     0 | D:1      | Spectrina the Meteoran Necromancer began the quest for the
                  | Orb.
     0 | D:1      | Reached XP level 1. HP: 14/14 MP: 5/5
    92 | D:1      | Reached XP level 2. HP: 20/20 MP: 3/6
   158 | D:2      | Slain by a worm

Illustrated notes

Levels and vault maps discovered:
D:1:      onia_arrival_mini_maze_b, layout_basic
D:2:      layout_loops_corners, grunt_decor_mini_mirrors,
          uniq_crazy_yiuf_cottage, uniq_natasha

Action                   || total
-------------------------++-------
Melee: Whip              ||     4
 Cast: Necrotize         ||    14
Armor: Robe              ||     2
Dodge: Dodged            ||     1

Table legend: (Time is in decaauts)
 A = Elapsed time spent in this place.
 B = Non-inter-level travel time spent in this place.
 C = Inter-level travel time spent in this place.
 D = Time resting spent in this place.
 E = Time spent auto-exploring this place.
 F = Levels seen in this place.
 G = Mean time per level.
                   A        B        C        D        E       F      G
               +--------+--------+--------+--------+--------+-----+--------+
         Total |    157 |    157 |      0 |      0 |      0 |   2 |   78.5 |
       Dungeon |    157 |    157 |      0 |      0 |      0 |   2 |   78.5 |
               +--------+--------+--------+--------+--------+-----+--------+

Top non-repeatable levels by time:
     D:1: 141 daAuts
     D:2: 16 daAuts
